 Dungeon Sprint DCSS version bcrawl-1.15.1 (webtiles) character file.

Game seed: 6729481391893985846

456 Chiseanne the Thaumaturge (level 6, -1/53 HPs)
             Began as a Demonspawn Archaeologist on Oct 2, 2019.
             Was an Initiate of Gozag.
             Slain by a yaktaur (20 damage)
             ... in the Dungeon (Sprint II: "The Violet Keep of Menkaure").
             The game lasted 00:03:18 (418 turns).

Chiseanne the Thaumaturge (Demonspawn Archaeologist) Turns: 418, Time: 00:03:18

Health: -1/53      AC: 17    Str: 12    XL:     6   Next: 77%
Magic:  19/19      EV: 22    Int: 16    God:    Gozag
Gold:   486        SH:  0    Dex: 17    Spells: 26/26 levels left

rFire    . . .     SeeInvis .   a - +0 whip
rCold    . . .     Gourm    .   (no shield)
rNeg     . . .     Faith    .   f - +3 robe of Clouds {+Thunder rCloud rElec}
rPois    .         Spirit   .   c - +1 hat
rElec    +         Reflect  .   (no cloak)
rCorr    .         Harm     .   (no gloves)
MR       .....     NoTele   +   d - +1 pair of boots
Stlth    +++.......             (no amulet)
HPRegen  0.17/turn              (no ring)
MPRegen  0.16/turn              (no ring)

@: agile, swift, gold aura, sanguine armour, berserk cooldown, flying, very
slightly contaminated, slowed, invisible (expiring), slow
A: horns 1, sanguine armour 2
a: Potion Petition, Call Merchant, Bribe Branch, Renounce Religion, Evoke
Thunderclouds


You were in the Dungeon.
You worshipped Gozag.
Gozag was aware of your devotion.
You were not hungry.

You visited 1 branch You collected 486 gold pieces.

Inventory:

Hand Weapons
 a - a +0 whip (weapon)
Armour
 c - a +1 hat (worn)
 d - a +1 pair of boots (worn)
 f - the +3 robe of Clouds (worn) {+Thunder rCloud rElec}

   It insulates you from electricity.
Scrolls
 m - a scroll of blinking
Potions
 k - 2 potions of magic
Comestibles
 b - a chunk of flesh
 g - a ration {!d}


   Skills:
 * Level 6.8 Fighting
 - Level 0.8 Maces & Flails
 * Level 6.8 Dodging
 - Level 3.0 Stealth
 - Level 10.5 Spellcasting
 * Level 2.7 Evocations


You had 26 spell levels left.
You didn't know any spells.
Your spell library was empty.

Dungeon Overview and Level Annotations

Branches:
Dungeon (1/1)

Altars:
Cheibriados
Dithmenos
Elyvilon
Fedhas
Gozag
Hepliaklqana
Kikubaaqudgha
Lugonu
Makhleb
Nemelex Xobeh
Okawaru
Qazlal
Ru
Sif Muna
Trog
Uskayaw
Vehumet
Wu Jian
Xom
Yredelemnul
Zin
The Shining One
Beogh
Jiyva

Annotations:
D Menkaure


Innate Abilities, Weirdness & Mutations

You have a pair of small horns on your head.
When seriously injured, your bleeding wounds create thick armour. (AC +9)


Message History

You are exhausted.
You feel yourself slow down. The hornet misses you. The yaktaur hits you.
You feel better. The hornet barely misses you.
The polar bear becomes distracted by the nearby gold, dreaming of imaginary riches.
The yaktaur barely misses you. The hornet barely misses you.
The yaktaur misses you.
You barely miss the hornet.
The hornet is severely wounded.
The polar bear growls angrily.
The hornet barely misses you. x2
The yaktaur hits you but does no damage.
The hornet completely misses you.
You strike the helpless hornet from behind!
You hit the hornet. Your headbutt misses the hornet.
The hornet is severely wounded.
You flicker for a moment.
The hornet becomes distracted by the nearby gold, dreaming of imaginary riches.
The yaktaur hits you!!
You die...
Your body crumbles into a pile of gold. .#.##.####$ .### $$ $ $ .#..#....# ...# $ $ .[.####..## #..# .#▓(!?(%$?) #'###.##..# +^.# .#▓?[[(%=!% #.##...#..# $#..# .#▓))%)!)?$ .<.'##.'..####..##.#▓%(?[$$?? $ #.##.###....###.h.##▓▓▓▓▓▓▓+▓ #+###.##....§.≈≈cy≈≈≈≈≈≈≈≈≈..
H#H

###≈≈.....≈#@########+### #
#.#≈≈≈§≈≈§§.≈#$...._._#§§≈#
##≈§≈≈§≈§§.≈#...._._.#≈≈§§
#≈≈≈≈≈§§≈≈≈≈#..._._._#≈§§ $
≈≈≈≈§≈§§§≈≈≈#.._._._.#§§t≈
$
++#≈§≈§§≈§§≈#._._._._#§§§≈
$ ##≈≈≈###≈§#_._._._.#≈t≈ $
#§≈#._._._..#§§§≈ $
#≈§#.._._._.#§≈§≈


You could see a polar bear (wandering), a yaktaur and a hornet (wandering).

Vanquished Creatures
  A polar bear (D)
  4 necrophages (D)
  3 worms (D)
8 creatures vanquished.

Vanquished Creatures (others)
  A polar bear (D)
  A crocodile (D)
2 creatures vanquished.

Grand Total: 10 creatures vanquished

Notes
Turn   | Place    | Note
-------+----------+-------------------------------------------
     0 | D        | Chiseanne the Demonspawn Archaeologist began the quest for
                  | the Orb.
     0 | D        | Reached XP level 1. HP: 15/15 MP: 1/1
     1 | D        | Noticed a necrophage
     1 | D        | Noticed a necrophage
     1 | D        | Noticed a necrophage
     1 | D        | Noticed a necrophage
    26 | D        | Killed a necrophage
    26 | D        | Gained mutation: You have a pair of small horns on your
                  | head. [demonic ancestry]
    26 | D        | Reached XP level 2. HP: 16/28 MP: 2/2
    26 | D        | Reached XP level 3. HP: 20/34 MP: 3/3
    26 | D        | Gained mutation: When seriously injured, your bleeding
                  | wounds create armour. (AC +9) [demonic ancestry]
    26 | D        | Reached XP level 4. HP: 23/40 MP: 4/4
    27 | D        | Killed a crocodile
    41 | D        | Killed a necrophage
    41 | D        | Reached skill level 7 in Spellcasting
    41 | D        | Reached XP level 5. HP: 39/45 MP: 4/15
    60 | D        | Killed a necrophage
    60 | D        | Reached skill level 9 in Spellcasting
    77 | D        | Killed a necrophage
    77 | D        | Reached skill level 10 in Spellcasting
    77 | D        | Gained mutation: When seriously injured, your bleeding
                  | wounds create thick armour. (AC +9) [demonic ancestry]
    77 | D        | Reached XP level 6. HP: 22/50 MP: 8/19
   343 | D        | Noticed a hippogriff
   343 | D        | Noticed a hippogriff
   346 | D        | Noticed a neqoxec
   360 | D        | Noticed a flying skull
   361 | D        | Noticed a flying skull
   363 | D        | Noticed Menkaure
   364 | D        | Noticed a flying skull
   372 | D        | Found a snail-covered altar of Cheibriados.
   373 | D        | Found a shadowy altar of Dithmenos.
   374 | D        | Found a white marble altar of Elyvilon.
   374 | D        | Found an ancient bone altar of Kikubaaqudgha.
   374 | D        | Found a roughly hewn altar of Beogh.
   374 | D        | Found a viscous altar of Jiyva.
   375 | D        | Found a blossoming altar of Fedhas.
   375 | D        | Found a corrupted altar of Lugonu.
   375 | D        | Found a shimmering blue altar of Sif Muna.
   376 | D        | Found an opulent altar of Gozag.
   376 | D        | Found a burning altar of Makhleb.
   376 | D        | Found a bloodstained altar of Trog.
   377 | D        | Found a sparkling altar of Nemelex Xobeh.
   377 | D        | Found a hide-covered altar of Uskayaw.
   378 | D        | Found a basalt altar of Yredelemnul.
   379 | D        | Found an iron altar of Okawaru.
   379 | D        | Found a radiant altar of Vehumet.
   379 | D        | Found a glowing silver altar of Zin.
   379 | D        | Found a hazy altar of Hepliaklqana.
   379 | D        | Found a sacrificial altar of Ru.
   379 | D        | Found a shimmering altar of Xom.
   379 | D        | Noticed a hornet
   379 | D        | Noticed a polar bear
   379 | D        | Noticed a polar bear
   380 | D        | Found a stormy altar of Qazlal.
   380 | D        | Found an ornate altar of the Wu Jian Council.
   380 | D        | Found a glowing golden altar of the Shining One.
   380 | D        | Noticed a yaktaur
   380 | D        | Noticed a polar bear
   386 | D        | Became a worshipper of Gozag Ym Sagoz the Greedy
   399 | D        | Killed a polar bear
   404 | D        | Killed a polar bear
   418 | D        | Slain by a yaktaur

Skill      XL: |  1  2  3  4  5  6 |
---------------+-------------------+-----
Fighting       | 6 |  6.8
Dodging        | 6 |  6.8
Spellcasting   | 7 10 | 10.5
Evocations     | 2 |  2.7
Maces & Flails | |  0.8
Stealth        | |  3.0

Action                   |  1- 3 |  4- 6 || total
-------------------------+-------+-------++-------
Melee: Whip              |    23 |    99 ||   122
       Headbutt          |       |    20 ||    20
Invok: Potion Petition   |       |     1 ||     1
  Use: Potion            |     1 |     3 ||     4
 Stab: Invisible         |       |     5 ||     5
Armor: Robe              |     5 |    15 ||    20
Dodge: Dodged            |     8 |    64 ||    72
